 Dungeon Crawl Stone Soup version 0.19-a0-753-gae73b43 (webtiles) character file.

304 st0uf the Shield-Bearer (level 6, -3/48 HPs)
             Began as a Formicid Fighter on June 25, 2016.
             Slain by an ogre
             ... wielding a +0 giant club
              (11 damage)
             ... on level 4 of the Dungeon.
             The game lasted 00:10:55 (2722 turns).

st0uf the Shield-Bearer (Formicid Fighter)          Turns: 2722, Time: 00:10:56

Health: -3/48      AC:  9    Str: 21    XL:     6   Next: 66%
Magic:  6/6        EV:  7    Int:  7    God:
Gold:   133        SH: 10    Dex: 12    Spells: 0 memorised, 5 levels left

rFire  . . .     SeeInvis +     a - +0 quarterstaff
rCold  . . .     Gourm    .     k - +0 chain mail (curse)
rNeg   . . .     Faith    .     c - +0 shield
rPois  .         Spirit   .     (helmet unavailable)
rElec  .         Dismiss  .     (no cloak)
rCorr  .         Reflect  .     (no gloves)
SustAt .         Harm     .     (no boots)
MR     .....                    (no amulet)
Stlth  ..........               (no ring)
                                (no ring)

@: not resistant to hostile enchantments, extremely unstealthy
A: permanent stasis, dig shafts and tunnels, four strong arms, antennae 3
a: Dig, Shaft Self


You were on level 4 of the Dungeon.
You were not hungry.

You visited 1 branch of the dungeon, and saw 4 of its levels.

You collected 133 gold pieces.

Inventory:

Hand Weapons
 a - a +0 quarterstaff (weapon)
 i - a +1 hunting sling of flaming
Missiles
 e - 160 stones (quivered)
 r - 30 sling bullets
Armour
 b - a +0 scale mail
 c - a +0 shield (worn)
 k - a cursed +0 chain mail (worn)
Wands
 t - a wand of disintegration (11/24)
Scrolls
 p - 2 scrolls of remove curse {unknown}
 q - a scroll of identify
Potions
 d - 2 potions of might
 j - a potion of cure mutation
 m - a potion of flight
 n - a potion of curing
 s - 2 potions of brilliance {unknown}
Comestibles
 f - 2 bread rations
 g - 2 slices of pizza
 h - 4 chunks of flesh
 l - a beef jerky
 o - 2 meat rations


   Skills:
 + Level 4.2 Fighting
 + Level 3.2 Staves
 * Level 2.7 Slings
 + Level 4.2 Armour
 + Level 1.3 Dodging
 + Level 0.6 Stealth
 + Level 4.9 Shields


You had 5 spell levels left.
You didn't know any spells.

Dungeon Overview and Level Annotations

Branches:
Dungeon (4/15)
 Temple: D:4-7

Altars:
Elyvilon
Kikubaaqudgha
Okawaru


Innate Abilities, Weirdness & Mutations

You are under a permanent stasis effect.
You can dig through walls and to a lower floor.
Your four strong arms can wield two-handed weapons with a shield.
You have a pair of large antennae on your head. (SInv)


Message History

Found a scroll labeled ZAANO WANEROX.
You hit the ogre.
The ogre is lightly wounded.
The ogre hits you with a giant club.
You hit the ogre.
The ogre is moderately wounded.
The ogre hits you with a giant club!
You sock the ogre!
The ogre is severely wounded.
The ogre hits you with a giant club!!
* * * LOW HITPOINT WARNING * * *
You hit the ogre.
The ogre is severely wounded.
The ogre closely misses you.
Your shield and chain mail prevent you from hitting the ogre.
The ogre is severely wounded.
You hit the ogre.
The ogre is almost dead.
The ogre hits you with a giant club!
You die...

.. ?.# #.###..# .#
. ##.#.#..#..# ..
...........
##.....##.....#...#
...............#
.... #.....# ....
#..@O.#
#.#..###...#......
#.#..##...## #.#..
##[#..##.#.# ..
###..........# .
.........#####
##......#
##.#..†######.# #
#..........#


You could see an ogre.

Vanquished Creatures
  Ijyb (D:2)
  Terence (D:2)
  A worker ant (D:3)
  8 adders
  5 gnolls
  2 oozes
  3 adder skeletons (D:4)
  4 worms (D:2)
  3 giant geckos
  An orc (D:3)
  7 bats
  8 giant cockroaches
  4 goblins
  12 hobgoblins
  2 jackals (D:3)
  A quokka (D:4)
  A ball python (D:3)
  3 giant newts
  9 kobolds
  11 rats
87 creatures vanquished.

Notes
Turn   | Place    | Note
--------------------------------------------------------------
     0 | D:1      | st0uf the Formicid Fighter began the quest for the Orb.
     0 | D:1      | Reached XP level 1. HP: 18/18 MP: 1/1
    86 | D:1      | Reached XP level 2. HP: 24/24 MP: 2/2
   309 | D:1      | Reached XP level 3. HP: 29/29 MP: 3/3
   910 | D:2      | Reached XP level 4. HP: 37/37 MP: 4/4
   931 | D:2      | Found a white marble altar of Elyvilon.
  1007 | D:2      | Reached skill level 1 in Slings
  1457 | D:2      | Reached XP level 5. HP: 32/42 MP: 5/5
  1722 | D:2      | Reached skill level 1 in Dodging
  1908 | D:2      | Found an ancient bone altar of Kikubaaqudgha.
  1932 | D:2      | Noticed Ijyb
  1941 | D:2      | Killed Ijyb
  1941 | D:2      | Reached XP level 6. HP: 42/48 MP: 6/6
  2129 | D:2      | Noticed Terence
  2145 | D:2      | Killed Terence
  2392 | D:3      | Found an iron altar of Okawaru.
  2621 | D:3      | Noticed an ogre
  2716 | D:4      | Noticed an ogre
  2722 | D:4      | Slain by an ogre

Vault maps used:
D:1:      dpeg_arrival_snail
D:2:      marbit_many_paths, nicolae_overflow_crystal_walls, serial_forest,
          infiniplex_forest_straight_3, infiniplex_forest_clump_medium,
          infiniplex_forest_clump_medium, infiniplex_forest_clump_medium,
          infiniplex_forest_straight_5, minmay_statues_item, uniq_terence,
          uniq_iyjb
D:3:      lemuel_round_altar
D:4:      first_bread

Skill      XL: |  1  2  3  4  5  6 |
---------------+-------------------+-----
Shields        | 4 |  4.9
Fighting       | 4 |  4.2
Slings         | 1 2 |  2.7
Armour         | 4 |  4.2
Dodging        | 1 |  1.3
Staves         | 3 |  3.2
Stealth        | |  0.6

Action                   |  1- 3 |  4- 6 || total
-------------------------+-------+-------++-------
Melee: Quarterstaff      |    87 |   248 ||   335
 Abil: Dig               |     1 |     2 ||     3
  Use: Scroll            |       |     4 ||     4
  Eat: Chunk             |       |     7 ||     7
Armor: Scale mail        |    34 |    47 ||    81
       Chain mail        |       |    32 ||    32
Dodge: Dodged            |    31 |    64 ||    95
Block: Shield            |    33 |   117 ||   150
